 Dungeon Crawl Stone Soup version 0.24.0-29-g8ce449bc06 (webtiles) character file.

Game seed: 12738070926523393891, levelgen mode: deterministic

18316 Flugslaktarn the Cleaver (level 12, -8/110 HPs)
             Began as a Minotaur Monk on Nov 15, 2019.
             Was an Elder of Cheibriados.
             Mangled by an ice beast (14 damage)
             ... summoned by Fannar
             ... on level 1 of the Orcish Mines.
             The game lasted 00:08:01 (11999 turns).

Flugslaktarn the Cleaver (Minotaur Monk)           Turns: 11999, Time: 00:08:01

Health: -8/110     AC: 19    Str: 30    XL:     12   Next: 26%
Magic:  12/13      EV: 14    Int: 16    God:    Cheibriados [****..]
Gold:   598        SH:  0    Dex: 22    Spells: 11/11 levels left

rFire    . . .     SeeInvis .   x - +3 hand axe (elec)
rCold    . . .     Gourm    .   (no shield)
rNeg     . . .     Faith    .   H - +0 plate armour
rPois    +         Spirit   .   j - +2 hat
rElec    .         Reflect  .   (no cloak)
rCorr    .         Harm     .   y - +0 pair of gloves
MR       .....                  d - +0 pair of boots
Stlth    ..........             (no amulet)
HPRegen  0.28/turn              o - ring of poison resistance
MPRegen  0.13/turn              (no ring)

@: very slow
A: retaliatory headbutt, horns 2
a: Bend Time, Temporal Distortion, Slouch, Renounce Religion


You were on level 1 of the Orcish Mines.
You worshipped Cheibriados.
Cheibriados was greatly pleased with you.
You were not hungry.

You visited 3 branches of the dungeon, and saw 13 of its levels.

You collected 598 gold pieces.

Inventory:

Hand Weapons
 a - a +0 broad axe
   (You took it off an orc warrior on level 11 of the Dungeon)
 x - a +3 hand axe of electrocution (weapon)
   (You found it on level 4 of the Dungeon)
Missiles
 c - a throwing net (quivered)
Armour
 d - a +0 pair of boots (worn)
   (You found it on level 1 of the Dungeon)
 j - a +2 hat (worn)
   (You found it on level 2 of the Dungeon)
 y - a +0 pair of gloves (worn)
   (You found it on level 5 of the Dungeon)
 B - a +0 large shield
   (You found it on level 4 of the Dungeon)
 H - a +0 plate armour (worn)
   (You took it off an orc warrior on level 7 of the Dungeon)
Jewellery
 o - a ring of poison resistance (left hand)
   (You found it on level 3 of the Dungeon)
 L - an uncursed amulet of harm
   (You found it on level 11 of the Dungeon)
Wands
 u - a wand of enslavement (9)
   (You found it on level 3 of the Dungeon)
 v - a wand of digging (5)
   (You found it on level 11 of the Dungeon)
 D - a wand of paralysis (5)
   (You found it on level 5 of the Dungeon)
 K - a wand of iceblast (4)
   (You found it on level 10 of the Dungeon)
Scrolls
 b - a scroll of summoning {unknown}
 f - a scroll of enchant armour {unknown}
 g - 3 scrolls of enchant weapon
 i - 4 scrolls of remove curse
 m - a scroll of random uselessness {unknown}
 r - a scroll of identify
 t - 2 scrolls of teleportation
 z - 6 scrolls of blinking
 C - a scroll of immolation {unknown}
 E - 2 scrolls of brand weapon {unknown}
 F - 4 scrolls of magic mapping {unknown}
 G - a scroll of fog
 I - a scroll of vulnerability {unknown}
 M - a scroll of acquirement {unknown}
Potions
 h - 2 potions of invisibility
 k - a potion of lignification {unknown}
 l - a potion of flight {unknown}
 n - 2 potions of resistance
 p - a potion of agility {unknown}
 q - 7 potions of curing
 s - 3 potions of brilliance
 w - 2 potions of heal wounds
 A - a potion of degeneration {unknown}
Miscellaneous
 J - a lamp of fire
   (You found it on level 9 of the Dungeon)
Comestibles
 e - 14 rations


   Skills:
 + Level 11.2 Fighting
 * Level 14.8 Axes
 + Level 10.5 Armour
 - Level 8.4 Dodging
 - Level 1.5 Stealth
 + Level 6.9 Shields
 + Level 3.5 Invocations


You had 11 spell levels left.
You didn't know any spells.
Your spell library was empty.

Dungeon Overview and Level Annotations

Branches:
Dungeon (11/15)            Temple (1/1) D:4            Lair (0/6) D:10
    Orc (1/2) D:11

Altars:
Ashenzari
Cheibriados
Dithmenos
Elyvilon
Fedhas
Gozag
Hepliaklqana
Kikubaaqudgha
Makhleb
Nemelex Xobeh
Okawaru
Qazlal
Ru
Sif Muna
Trog
Uskayaw
Vehumet
Wu Jian
Xom
Yredelemnul
Zin
The Shining One

Shops:
D:9 :

Annotations:
D:6 exclusions: 2 goblins and statue
D:7 1 exclusion
Orc:1 Fannar


Innate Abilities, Weirdness & Mutations

You reflexively headbutt those who attack you in melee.
You have a pair of horns on your head.


Message History

The bolt of cold hits you!
The orc priest shouts!
You are too injured to fight recklessly!
You are too injured to fight recklessly!
The ice beast hits you but does no damage.
The troll misses you. x2; The troll claws you.
* * * LOW HITPOINT WARNING * * *
The orc warrior barely misses you. You furiously retaliate!
You headbutt the orc warrior! The ice beast misses you.
The troll closely misses you. x2; The troll claws you but does no damage.
The troll bites you!
* * * LOW HITPOINT WARNING * * *
The troll claws you but does no damage. x2
Fannar gestures at you while chanting. The bolt of cold hits you!
* * * LOW HITPOINT WARNING * * *
The ice beast hits you.
* * * LOW HITPOINT WARNING * * *
The ice beast freezes you!
You die...

## ##.## .#
....## #
...##....# .#.
#..#.#...$. ...#
..........###....
...#....#..#.....
..#....$.@o......
......$eTY.$.....
........)oo.....#
$......)o>)..#.##
..#..)))......#
....#.[))........
.........o$......
......#..........
.................


You could see Fannar, a troll, 2 orc warriors, an ice beast, an orc priest and 2
orcs.

Vanquished Creatures
  A hydra (D:11)
  Erica (D:8)
  4 two-headed ogres
  Nergalle (D:11)
  Sonja (D:10)
  A skeletal warrior (D:10)
  An ugly thing (D:11)
  Psyche (D:11)
  A kobold demonologist (D:11)
  A troll (D:11)
  Grinder (D:6)
  A hippogriff (D:10)
  A wraith (D:7)
  9 yaks (D:10)
  2 wyverns
  2 hungry ghosts
  2 basilisks (D:11)
  Menkaure (D:6)
  2 water moccasins (D:9)
  An acid dragon (D:11)
  10 orc warriors
  A black bear (D:10)
  3 ice beasts
  4 sky beasts
  4 ogres
  An eye of draining (D:11)
  12 centaurs
  Blork the orc (D:6)
  4 big kobolds (D:11)
  A wyvern zombie (D:9)
  A gnoll sergeant (D:10)
  12 bullfrogs
  A water moccasin zombie (D:5)
  3 scorpions
  12 killer bees
  3 electric eels (D:6)
  8 wights
  6 howler monkeys
  7 crimson imps
  A bullfrog zombie (D:9)
  A bullfrog skeleton (D:4)
  2 centaur skeletons
  An iron imp (D:8)
  2 jellies
  2 centaur zombies
  10 hounds
  12 orc priests
  16 orc wizards
  2 iguanas
  8 worker ants
  2 hound zombies
  A hound skeleton (D:7)
  A mummy (D:7)
  Robin (D:3)
  7 gnolls
  13 adders
  A howler monkey skeleton (D:11)
  5 shadow imps
  An ooze (D:6)
  3 adder skeletons
  4 worms
  2 dart slugs
  6 leopard geckos
  54 orcs
  A ball python (D:1)
  5 bats
  7 giant cockroaches
  13 goblins
  9 hobgoblins
  14 jackals
  19 kobolds
  3 quokkas
  6 frilled lizards
  18 rats
382 creatures vanquished.

Vanquished Creatures (others)
  2 skeletal warriors (D:10)
2 creatures vanquished.

Grand Total: 384 creatures vanquished

Notes
Turn   | Place    | Note
-------+----------+-------------------------------------------
     0 | D:1      | Flugslaktarn the Minotaur Monk began the quest for the Orb.
     0 | D:1      | Reached XP level 1. HP: 19/19 MP: 0/0
   173 | D:1      | Reached XP level 2. HP: 27/27 MP: 1/1
   176 | D:1      | Reached skill level 4 in Axes
   320 | D:1      | Reached skill level 1 in Armour
   694 | D:2      | Reached XP level 3. HP: 31/33 MP: 2/2
  1543 | D:3      | Reached XP level 4. HP: 17/40 MP: 3/3
  1702 | D:3      | Noticed Robin
  1998 | D:3      | Killed Robin
  1998 | D:3      | Reached skill level 5 in Axes
  2188 | D:3      | Reached XP level 5. HP: 47/47 MP: 4/4
  2526 | D:3      | Found an opulent altar of Gozag.
  2526 | D:3      | Found a sacrificial altar of Ru.
  2689 | D:3      | Found a sparkling altar of Nemelex Xobeh.
  2692 | D:3      | Found a hide-covered altar of Uskayaw.
  2694 | D:3      | Found a faded altar of an unknown god.
  2855 | D:4      | Reached XP level 6. HP: 43/55 MP: 5/5
  2993 | D:4      | Found a staircase to the Ecumenical Temple.
  3004 | Temple   | Entered the Ecumenical Temple
  3164 | D:4      | Reached skill level 6 in Axes
  3168 | D:4      | Reached skill level 5 in Fighting
  3575 | D:4      | Reached XP level 7. HP: 43/61 MP: 6/6
  3803 | D:4      | Reached skill level 5 in Dodging
  3930 | D:5      | Entered Level 5 of the Dungeon
  3957 | D:5      | Reached skill level 7 in Axes
  4353 | D:5      | Found a stormy altar of Qazlal.
  4458 | D:5      | Reached XP level 8. HP: 47/70 MP: 7/7
  5051 | D:6      | Noticed Menkaure
  5052 | D:6      | Killed Menkaure
  5052 | D:6      | Reached skill level 8 in Axes
  5104 | D:6      | Reached skill level 5 in Armour
  5119 | D:6      | Found a blossoming altar of Fedhas.
  5175 | D:6      | Noticed a moth of wrath
  5178 | D:6      | Found a bloodstained altar of Trog.
  5228 | D:6      | Found an iron altar of Okawaru.
  5236 | D:6      | Identified Saxep's Catalogue of the Rocks
  5426 | D:6      | Noticed Grinder
  5430 | D:6      | Reached skill level 9 in Axes
  5434 | D:6      | Paralysed by Grinder for 2 turns
  5448 | D:6      | Killed Grinder
  5466 | D:6      | Reached XP level 9. HP: 21/79 MP: 8/8
  6063 | D:6      | Noticed Blork the orc
  6070 | D:6      | Killed Blork the orc
  6358 | D:6      | Found a radiant altar of Vehumet.
  6486 | D:7      | Reached skill level 10 in Axes
  6968 | D:7      | Found a hazy altar of Hepliaklqana.
  7346 | D:8      | Reached skill level 11 in Axes
  7515 | D:8      | You fall into a shaft and drop 3 floors!
  7516 | D:11     | Noticed a troll
  7524 | D:11     | Killed a troll
  7608 | D:11     | Noticed Psyche
  7622 | D:11     | Reached XP level 10. HP: 87/90 MP: 9/9
  7623 | D:11     | Killed Psyche
  7657 | D:11     | Found a staircase to the Orcish Mines.
  7820 | D:10     | Entered Level 10 of the Dungeon
  7963 | D:10     | Reached skill level 12 in Axes
  7963 | D:10     | Reached skill level 1 in Shields
  7964 | D:10     | Noticed Sonja
  7969 | D:10     | Noticed a skeletal warrior
  8169 | D:11     | Noticed a six-headed hydra
  8371 | D:11     | Noticed a purple ugly thing
  8395 | D:11     | Killed a purple ugly thing
  8712 | D:10     | Noticed a skeletal warrior
  8723 | D:10     | Banished a skeletal warrior
  8727 | D:10     | Banished a skeletal warrior
  8811 | D:9      | Reached XP level 11. HP: 40/99 MP: 10/10
  9207 | D:9      | Reached skill level 13 in Axes
  9263 | D:8      | Noticed Erica
  9277 | D:8      | Killed Erica
  9277 | D:8      | Reached skill level 10 in Fighting
  9523 | D:8      | Noticed a two-headed ogre
  9530 | D:8      | Killed a two-headed ogre
  9678 | D:8      | Found a shattered altar of Ashenzari.
  9694 | D:8      | Noticed a two-headed ogre
  9703 | D:8      | Killed a two-headed ogre
  9703 | D:8      | Reached skill level 5 in Shields
  9941 | D:8      | Found a snail-covered altar of Cheibriados.
  9949 | D:8      | Became a worshipper of Cheibriados the Contemplative
  9949 | D:8      | Reached * piety under Cheibriados
  9949 | D:8      | Reached ** piety under Cheibriados
 10246 | D:9      | Found Beppy's Book Boutique.
 10603 | D:9      | Found a burning altar of Makhleb.
 10745 | D:10     | Reached skill level 1 in Invocations
 10764 | D:10     | Reached skill level 14 in Axes
 10789 | D:10     | Killed Sonja
 10789 | D:10     | Reached *** piety under Cheibriados
 10789 | D:10     | Reached skill level 10 in Armour
 10929 | D:10     | Killed a skeletal warrior
 11400 | D:10     | Found a staircase to the Lair.
 11653 | D:11     | Noticed Nergalle
 11662 | D:11     | Killed Nergalle
 11778 | D:11     | Reached XP level 12. HP: 108/108 MP: 11/13
 11954 | D:11     | Killed a nine-headed hydra
 11962 | Orc:1    | Entered Level 1 of the Orcish Mines
 11962 | Orc:1    | Noticed a two-headed ogre
 11969 | Orc:1    | Noticed a two-headed ogre
 11970 | Orc:1    | Noticed Fannar
 11972 | Orc:1    | Killed a two-headed ogre
 11986 | Orc:1    | Killed a two-headed ogre
 11997 | Orc:1    | Reached **** piety under Cheibriados
 11999 | Orc:1    | Mangled by an ice beast

Levels and vault maps discovered:
D:1:      tarquinn_simple_flora_water_c, layout_rooms
D:2:      layout_basic, skrybe_limestone_x
D:3:      layout_basic, chequers_temple_overflow_minitemple,
          minmay_goblin_kobold_house, uniq_crazy_yiuf_cottage, uniq_robin
D:4:      layout_rooms, minmay_temple_entry_statues_fountains,
          lightli_ossuary_entry_decrepit_ruins
D:5:      layout_basic, grunt_qazlal_sundering, first_ration
D:6:      layout_basic, tgw_trog, vehumet_statue, kennysheep_okawaru_gauntlet,
          fedhas_altar_2, water_maze_lemuel, uniq_menkaure, uniq_blork_the_orc,
          uniq_grinder
D:7:      layout_loops_cross, lemuel_round_altar,
          lemuel_mausoleum_altar_yredelemnul
D:8:      layout_cave_pools, evilmike_ruin_ashenzari, slow_altar_2, uniq_erica
D:9:      layout_irregular_city, lemuel_coloured_pillars_altar, serial_shops,
          shop
D:10:     layout_cave_pools, lair_entry_dummy, uniq_sonja
D:11:     layout_loops_ring, david_orc_2, uniq_psyche, uniq_nergalle
Temple:   nicolae_temple_figure_zero
Orc:1:    layout_caves, basic_altar, uniq_fannar

Skill      XL: |  1  2  3  4  5  6  7  8  9 10 11 12 |
---------------+-------------------------------------+-----
Axes           | 4 5 6 7 9 11 12 14 | 14.8
Armour         | 1 2 3 4 6 7 8 10 | 10.5
Fighting       | 4 5 6 7 8 9 10 11 | 11.2
Dodging        | 4 5 6 7 8 |  8.4
Shields        | 3 6 |  6.9
Invocations    | 2 3 |  3.5
Stealth        | |  1.5

Action                   |  1- 3 |  4- 6 |  7- 9 | 10-12 || total
-------------------------+-------+-------+-------+-------++-------
Melee: Hand axe          |    84 |   148 |   321 |   405 ||   958
       Headbutt          |    12 |    23 |    59 |    93 ||   187
Invok: Bend Time         |       |       |       |     3 ||     3
       Temporal Distorti |       |       |       |     1 ||     1
Evoke: Wand              |       |       |     3 |     3 ||     6
  Use: Scroll            |       |       |    10 |     3 ||    13
       Potion            |       |       |     1 |     6 ||     7
 Stab: Sleeping          |     1 |     5 |       |       ||     6
       Paralysed         |       |       |     3 |       ||     3
       Invisible         |       |       |     1 |     5 ||     6
  Eat: Chunk             |     2 |     6 |    10 |     7 ||    25
       Ration            |       |       |     1 |     2 ||     3
Armor: Robe              |    20 |    31 |     1 |       ||    52
       Chain mail        |       |       |    70 |       ||    70
       Plate armour      |       |       |    59 |   225 ||   284
Dodge: Dodged            |    68 |   109 |   107 |   217 ||   501
Block: Large shield      |       |       |    18 |       ||    18
